 Dungeon Crawl Stone Soup version 0.28.0-43-g3370ac3207 (webtiles) character file.

Game seed: 13332171290101570310

213 pkoi the Ruffian (level 5, -2/53 HPs)
             Began as a Troll Monk on Mar 23, 2022.
             Succumbed to a water moccasin's poison
             ... on level 3 of the Dungeon.
             The game lasted 00:01:59 (2428 turns).

pkoi the Ruffian (Troll Monk)                       Turns: 2428, Time: 00:02:00

Health: -2/53      AC:  5    Str: 19    XL:     5   Next: 59%
Magic:  4/4        EV: 10    Int: 14    God:
Gold:   66         SH:  0    Dex: 12    Spells: 4/4 levels left

rFire   . . .      SeeInvis .     - Unarmed
rCold   . . .      Faith    .   (no shield)
rNeg    + . .      Spirit   .   a - +0 robe
rPois   .          Reflect  .   (helmet restricted)
rElec   .          Harm     .   r - +0 cloak
rCorr   .          Rampage  .   (gloves unavailable)
Will    .....                   (boots unavailable)
Stlth   ++........              (no amulet)
HPRegen 0.97/turn               i - +6 ring of intelligence
MPRegen 0.09/turn               m - ring of positive energy

@: lethally poisoned (-2 -> -11), on berserk cooldown, slowed, very slow
A: large, unfitting armour, claws 3, regeneration 1, shaggy fur 1, tough skin 1
a: no special abilities


You were on level 3 of the Dungeon.
You visited 1 branch of the dungeon, and saw 3 of its levels.

You collected 66 gold pieces.

Inventory:

Armour
 a - a +0 robe (worn)
 r - a +0 cloak (worn)
Jewellery
 i - a +6 ring of intelligence (left claw)
 m - a ring of positive energy (right claw)
 q - a ring of magical power
Scrolls
 b - 2 scrolls of identify {unknown}
 c - a scroll of blinking {unknown}
 d - a scroll of vulnerability {unknown}
 f - 2 scrolls of teleportation {unknown}
 h - a scroll of magic mapping {unknown}
 j - a scroll of summoning {unknown}
 n - a scroll of fog {unknown}
 p - a scroll of enchant weapon {unknown}
Potions
 g - 3 potions of curing {unknown}
 k - a potion of flight {unknown}
 l - 2 potions of invisibility {unknown}
 o - a potion of attraction {unknown}


   Skills:
 + Level 3.0 Fighting
 - Level 2.4 Dodging
 - Level 1.0 Stealth
 * Level 6.0 Unarmed Combat


You had 4 spell levels left.
You didn't know any spells.
Your spell library was empty.

Dungeon Overview and Level Annotations

Branches:
Dungeon (3/15)

Altars:
Qazlal

Shops:
D:2 !


Innate Abilities, Weirdness & Mutations

You are too large for most types of armour.
You have claws for hands.
Your natural rate of healing is unusually fast.
You are covered in fur. (AC +1)
You have tough skin. (AC +1)


Message History

Unknown command.
It was a potion of berserk rage.
A red film seems to cover your vision as you go berserk!
You feel yourself moving faster!
You feel mighty!
You feel very sick. The water moccasin bites you.
* * * LOW HITPOINT WARNING * * *
You are more poisoned.
The water moccasin poisons you! The water moccasin bites you.
* * * LOW HITPOINT WARNING * * *
You are lethally poisoned!
The water moccasin poisons you!
You mangle the water moccasin!!
You kill the water moccasin!
* * * LOW HITPOINT WARNING * * *
You feel very sick.
Your Fighting skill increases to level 3!
Your Unarmed Combat skill increases to level 6!
You have reached level 5!
Unknown command.
You claw the kobold!
You kill the kobold!
* * * LOW HITPOINT WARNING * * *
You feel very sick.
* * * LOW HITPOINT WARNING * * *
You feel very sick.
Things that are here:
a +0 short sword; a kobold corpse; a water moccasin corpse Unknown command.
You feel a strong urge to attack something.
* * * LOW HITPOINT WARNING * * *
You feel very sick.
* * * LOW HITPOINT WARNING * * *
You feel very sick.
You feel your anger nearly subside.
You are no longer berserk.
You are exhausted.
You feel yourself slow down.
* * * LOW HITPOINT WARNING * * *
You feel very sick.
You die...

##....#.##
####†## .....####
#...# ....##
#..## ...## #.##
##### #.#
##.###### #.#
##.......# #.#
#......#.######.#
#........)...@.#
#.....#.########
....>.##.# ##....
..# #### ####


There were no monsters in sight!

Vanquished Creatures
  A water moccasin (D:3)
  A hound zombie (D:3)
  2 adders (D:2)
  A white imp (D:3)
  2 worms
  2 dart slugs (D:1)
  A bat (D:3)
  8 endoplasms
  5 goblins
  7 hobgoblins
  9 jackals
  5 ball pythons
  6 frilled lizards
  4 kobolds
  2 rats (D:2)
56 creatures vanquished.

Notes
Turn   | Place    | Note
-------+----------+-------------------------------------------
     0 | D:1      | pkoi the Troll Monk began the quest for the Orb.
     0 | D:1      | Reached XP level 1. HP: 22/22 MP: 0/0
   237 | D:1      | Reached XP level 2. HP: 29/29 MP: 1/1
   477 | D:1      | Found a faded altar of an unknown god.
   552 | D:1      | Reached skill level 4 in Unarmed Combat
   663 | D:1      | Reached XP level 3. HP: 36/36 MP: 2/2
   996 | D:2      | Found Lucil's Distillery.
  1611 | D:3      | Reached XP level 4. HP: 39/44 MP: 3/3
  1615 | D:3      | Reached skill level 5 in Unarmed Combat
  2217 | D:3      | Found a stormy altar of Qazlal.
  2408 | D:3      | Noticed a water moccasin
  2422 | D:3      | Killed a water moccasin
  2423 | D:3      | Reached skill level 6 in Unarmed Combat
  2423 | D:3      | Reached XP level 5. HP: 20/53 MP: 4/4
  2427 | D:3      | HP: 2/53 [poisoned by a water moccasin]
  2428 | D:3      | Succumbed to a water moccasin's poison

Illustrated notes

Levels and vault maps discovered:
D:1:      dpeg_arrival_leaves_temple_mockup, layout_basic,
          hellmonk_ecumenical_altar_heavens_door
D:2:      layout_basic, serial_shops, nicolae_shop_competitors_out_of_business,
          serial_rivers, chequers_serial_rivers_micro_a,
          chequers_serial_rivers_large_b, chequers_serial_rivers_room_a,
          chequers_serial_rivers_room_b, corexii_corridor_pit
D:3:      layout_loops_corners, mainiacjoe_overflow_six_doors_small,
          nrook_uturn, grunt_ministairs_14

Skill      XL: |  1  2  3  4 |
---------------+-------------+-----
Unarmed Combat | 4 6 |  6.0
Fighting       | 3 |  3.0
Dodging        | |  2.4
Stealth        | |  1.0

Action                   |  1- 3 |  4- 6 || total
-------------------------+-------+-------++-------
Melee: Unarmed           |   102 |    54 ||   156
       Punch             |     1 |     2 ||     3
  Use: Potion            |       |     1 ||     1
 Stab: Sleeping          |     3 |       ||     3
Armor: Robe              |    21 |    16 ||    37
Dodge: Dodged            |    55 |    21 ||    76
